 Dungeon Crawl Stone Soup version 0.22-b1-26-g9dbaab1112 (webtiles) character file.

264 Kirk the Magician (level 5, 0/35 HPs)
             Began as a Demonspawn Wizard on Aug 9, 2018.
             Succumbed to an orc wizard's poison
             ... on level 4 of the Dungeon.
             The game lasted 00:08:00 (2914 turns).

Kirk the Magician (Demonspawn Wizard)               Turns: 2914, Time: 00:08:00

Health: 0/35       AC:  8    Str:  8    XL:     5   Next: 98%
Magic:  1/11       EV: 12    Int: 23    God:
Gold:   217        SH:  0    Dex: 11    Spells: 4/13 levels left

rFire    . . .     SeeInvis .   g - +3 short sword (elec)
rCold    . . .     Gourm    .   (no shield)
rNeg     . . .     Faith    .   a - +0 robe
rPois    .         Spirit   .   o - +2 helmet {Int+3}
rElec    .         Reflect  .   (no cloak)
rCorr    .         Harm     .   k - +0 pair of gloves
MR       .....                  (no boots)
Stlth    ++........             (no amulet)
HPRegen  0.11/turn              (no ring)
MPRegen  0.12/turn              (no ring)

@: lethally poisoned (0 -> -4)
A: claws 2, thin metallic scales 1
a: no special abilities


You were on level 4 of the Dungeon.
You were hungry.

You visited 1 branch of the dungeon, and saw 4 of its levels.
You also visited: Sewer.

You collected 217 gold pieces.

Inventory:

Hand Weapons
 g - a +3 short sword of electrocution (weapon)
Missiles
 j - 22 poisoned needles
Armour
 a - a +0 robe (worn)
 k - a +0 pair of gloves (worn)
 o - a +2 helmet of intelligence (worn)
Wands
 n - a wand of clouds (5)
Scrolls
 e - a scroll of enchant weapon
 f - 2 scrolls of identify
 i - 2 scrolls of teleportation
 m - a scroll of fog
 p - a scroll of amnesia
Potions
 c - a potion of berserk rage
Miscellaneous
 h - a sack of spiders
Comestibles
 b - a chunk of flesh
 d - 8 rations


   Skills:
 + Level 2.5 Short Blades
 - Level 1.7 Dodging
 - Level 1.7 Stealth
 + Level 4.5 Spellcasting
 * Level 3.4 Conjurations
   Level 1.0 Summonings
 + Level 0.8 Translocations


You had 4 spell levels left.
You knew the following spells:

 Your Spells              Type           Power        Failure   Level  Hunger
a - Magic Dart            Conj           ###.         2%          1    None
b - Blink                 Tloc           N/A          11%         2    None
c - Conjure Flame         Conj/Fire      ##......     14%         3    ##.....
d - Mephitic Cloud        Conj/Pois/Air  ##......     19%         3    ##.....

Your spell library contained the following spells:

 Spells                   Type           Power        Failure   Level  Hunger
 Slow                     Hex            #.......     16%         2    None
 Call Imp                 Summ           #.......     10%         2    None


Dungeon Overview and Level Annotations

Branches:
Dungeon (4/15)
 Temple: D:4-7

Altars:
Elyvilon
Qazlal
Trog
Zin


Innate Abilities, Weirdness & Mutations

You have very sharp fingernails.
You are partially covered in thin metallic scales. (AC +2)


Message History

The orc wizard mumbles some strange words.
The orc wizard blinks!
Unknown command.
You feel magically purged.
Your magical contamination has completely faded away.
Casting: Magic Dart (safe; 2% risk of failure)
Confirm with . or Enter, or press ? or * to list all spells.
Aiming: Magic Dart (safe; 2% risk of failure)
Press: ? - help, Shift-Dir - straight line, f/p - orc wizard
Aim: an orc wizard, wielding a dagger of venom and wearing a robe (almost dead)
The magic dart hits the orc wizard.
You kill the orc wizard!
* * * LOW HITPOINT WARNING * * *
You feel sick.
A magic dart appears from out of thin air!
The magic dart hits you!
* * * LOW HITPOINT WARNING * * *
* * * LOW HITPOINT WARNING * * *
You feel sick.
You die...

#.#.##.#.#
#.#.##.#.#
#.#.##.#.#
#.#..#.#.#
#.##.#.#.#
#...#.#
##).#.#######
#.>.........
##.#@#######
#.#<.......
#.#.######.
#.#.# #.#.#
#.#.# #.#.#
#.# #.#


There were no monsters in sight!

Vanquished Creatures
  A crocodile (Sewer)
  An orc wizard (D:4)
  6 adders
  An ooze (D:3)
  5 worms
  4 dart slugs
  An orc (D:3)
  12 bats
  7 giant cockroaches
  6 goblins
  7 hobgoblins
  6 jackals
  3 quokkas
  4 frilled lizards
  8 kobolds
  9 rats
81 creatures vanquished.

Notes
Turn   | Place    | Note
-------+----------+-------------------------------------------
     0 | D:1      | Kirk the Demonspawn Wizard began the quest for the Orb.
     0 | D:1      | Reached XP level 1. HP: 13/13 MP: 4/4
   261 | D:1      | Gained mutation: You are partially covered in thin metallic scales. (AC +2) [demonic ancestry]
   261 | D:1      | Reached XP level 2. HP: 19/19 MP: 1/6
   670 | D:1      | Reached XP level 3. HP: 19/24 MP: 8/8
  1060 | D:2      | Reached skill level 4 in Spellcasting
  1137 | D:2      | Found a glowing silver altar of Zin.
  1265 | D:2      | Found a white marble altar of Elyvilon.
  1292 | D:2      | Reached skill level 1 in Short Blades
  1292 | D:2      | Gained mutation: You have sharp fingernails. [demonic ancestry]
  1292 | D:2      | Reached XP level 4. HP: 20/30 MP: 3/10
  1617 | D:3      | Learned a level 2 spell: Blink
  1621 | D:3      | Learned a level 3 spell: Conjure Flame
  1625 | D:3      | Learned a level 3 spell: Mephitic Cloud
  1830 | D:3      | Found a stormy altar of Qazlal.
  2088 | D:3      | Found a glowing drain.
  2092 | Sewer    | Entered a sewer
  2164 | Sewer    | Noticed a crocodile
  2170 | Sewer    | Killed a crocodile
  2170 | Sewer    | Gained mutation: You have very sharp fingernails. [demonic ancestry]
  2170 | Sewer    | Reached XP level 5. HP: 30/35 MP: 8/11
  2499 | D:3      | Noticed a moth of wrath
  2502 | D:3      | Found a bloodstained altar of Trog.
  2912 | D:4      | HP: 1/35 [poisoned by an orc wizard]
  2914 | D:4      | Succumbed to an orc wizard's poison

Skill      XL: |  1  2  3  4 |
---------------+-------------+-----
Spellcasting   | 4 |  4.5
Conjurations   | 2 3 |  3.4
Short Blades   | 1 2 |  2.5
Dodging        | |  1.7
Stealth        | |  1.7
Summonings     | |  1.0
Translocations | |  0.8

Action                   |  1- 3 |  4- 6 || total
-------------------------+-------+-------++-------
Melee: Unarmed           |     5 |       ||     5
       Short sword       |    60 |    81 ||   141
 Cast: Magic Dart        |    40 |    63 ||   103
       Conjure Flame     |       |     1 ||     1
Evoke: Wand              |       |     1 ||     1
  Use: Scroll            |       |     9 ||     9
       Potion            |       |     1 ||     1
 Stab: Sleeping          |     1 |       ||     1
  Eat: Chunk             |     1 |     5 ||     6
Armor: Robe              |    19 |    45 ||    64
Dodge: Dodged            |    34 |    65 ||    99
